 Dungeon Crawl Stone Soup version 0.29.0-11-gd7f09526c8 (webtiles) character file.

Game seed: 13072440882035366904

67 Peloso the Covered (level 3, 0/33 HPs)
             Began as a Minotaur Fighter on Sept 2, 2022.
             Slain by Ijyb
             ... wielding a +0 dagger
              (1 damage)
             ... on level 3 of the Dungeon.
             The game lasted 00:02:04 (1457 turns).

Peloso the Covered (Minotaur Fighter)               Turns: 1457, Time: 00:02:05

Health: 0/33       AC:  7    Str: 20    XL:     3   Next: 98%
Magic:  2/2        EV:  9    Int:  5    God:
Gold:   51         SH:  4    Dex: 11    Spells: 2/2 levels left

rFire   . . .      SeeInvis .   a - +0 long sword
rCold   . . .      Faith    .   c - +0 buckler
rNeg    . . .      Spirit   .   b - +0 scale mail
rPois   .          Reflect  .   (helmet restricted)
rElec   .          Harm     .   (no cloak)
rCorr   .          Rampage  .   (no gloves)
Will    .....                   (no boots)
Stlth   ..........              (no amulet)
HPRegen 0.11/turn               (no ring)
MPRegen 0.08/turn               (no ring)

@: no status effects
A: horns 2, retaliatory headbutt
a: no special abilities


You were on level 3 of the Dungeon.
You visited 1 branch of the dungeon, and saw 3 of its levels.

You collected 51 gold pieces.

Inventory:

Hand Weapons
 a - a +0 long sword (weapon)
Armour
 b - a +0 scale mail (worn)
 c - a +0 buckler (worn)
Jewellery
 e - a ring of flight
Scrolls
 f - a scroll of teleportation {unknown}
 h - a scroll of immolation {unknown}
Potions
 d - 2 potions of might
 g - 2 potions of flight {unknown}
 i - a potion of lignification {unknown}
 j - a potion of magic {unknown}
 k - a potion of haste {unknown}


   Skills:
 + Level 4.0 Fighting
 + Level 3.4 Long Blades
 + Level 4.6 Armour
 + Level 0.1 Dodging
 + Level 4.2 Shields


You had 2 spell levels left.
You didn't know any spells.
Your spell library contained the following spells:

 Spells                   Type           Power      Damage    Failure   Level
 Blink                    Tloc           0%         N/A       96%         2
 Manifold Assault         Tloc           0%         N/A       100%        5
 Storm Form               Tmut/Air       0%         N/A       100%        7


Dungeon Overview and Level Annotations

Branches:
Dungeon (3/15)

Altars:

Shops:
D:1 ?   D:2 [

Annotations:
D:2 Sigmund
D:3 Ijyb


Innate Abilities, Weirdness & Mutations

You have a pair of horns on your head.
You reflexively headbutt those who attack you in melee.


Message History

You slash the rat!
You kill the rat!
Found a mace.
Found a stone staircase leading down.
You see here a +0 mace.
Found 5 stones.
g - 2 smoky blue potions (gained 1)
You now have 51 gold pieces (gained 11).
An orc comes into view. It is wielding a +0 short sword.
The orc shouts!
An orc is nearby!
You block the orc's attack.
Ijyb the Twisted Goblin comes into view.
She is wielding a +0 dagger, wearing a +3 leather armour of cold resistance and carrying a wand of mindburst (14).
Ijyb shouts!
The orc misses you. You furiously retaliate!
You headbutt the orc!
You kill the orc!
You see here a +0 short sword.
Ijyb zaps a wand.
You barely resist. Ijyb hits you with a +0 dagger.
You barely miss Ijyb.
Ijyb screams, "Die!"
Ijyb barely misses you. You furiously retaliate!
You headbutt Ijyb, but do no damage. You closely miss Ijyb.
Ijyb hits you but does no damage. x2
You hit Ijyb but do no damage.
Ijyb zaps a wand.
Your mind is blasted!
You closely miss Ijyb. Ijyb hits you but does no damage.
You barely miss Ijyb. Ijyb hits you but does no damage.
You closely miss Ijyb.
Ijyb zaps a wand.
Your mind is blasted!
Ijyb misses you.
You closely miss Ijyb. Ijyb hits you but does no damage.
You hit Ijyb but do no damage. Ijyb hits you with a +0 dagger.
You barely miss Ijyb.
Ijyb zaps a wand.
Your mind is blasted!
Ouch! That really hurt!
* * * LOW HITPOINT WARNING * * *
You closely miss Ijyb. Your headbutt misses Ijyb.
Ijyb hits you but does no damage. Ijyb hits you with a +0 dagger.
* * * LOW HITPOINT WARNING * * *
You hit Ijyb.
Ijyb is lightly wounded.
Ijyb hits you with a +0 dagger.
You die...

.#.. ... ## ... .#
.# .. . .#..#. #.#.
.#.... #..###...!.
##.g.#..#.#
#.###..@......#..
#...............
#.###.).#..###.#
............###.##
#######.##........
#.##.####.##
#.##.####.###
...#........#
#..........#.######


You could see Ijyb.

Vanquished Creatures
  Jessica (D:2)
  2 worms (D:2)
  A dart slug (D:1)
  An orc (D:3)
  5 endoplasms
  A giant cockroach (D:1)
  A goblin (D:1)
  2 hobgoblins
  2 jackals (D:2)
  5 ball pythons
  5 bats
  2 frilled lizards (D:1)
  A kobold (D:2)
  3 rats
32 creatures vanquished.

Vanquished Creatures (others)
  4 plants (D:3)
4 creatures vanquished.

Grand Total: 36 creatures vanquished

Notes
Turn   | Place    | Note
-------+----------+-------------------------------------------
     0 | D:1      | Peloso the Minotaur Fighter began the quest for the Orb.
     0 | D:1      | Reached XP level 1. HP: 19/19 MP: 0/0
    54 | D:1      | Reached XP level 2. HP: 27/27 MP: 1/1
   154 | D:1      | Found Ecwoawy's Magic Scroll Shop.
   662 | D:1      | Found a faded altar of an unknown god.
   863 | D:2      | Noticed Jessica
   871 | D:2      | Killed Jessica
   872 | D:2      | Reached XP level 3. HP: 22/33 MP: 2/2
  1232 | D:2      | Found Vehi's Antique Armour Boutique.
  1283 | D:2      | Noticed Sigmund
  1443 | D:3      | Noticed Ijyb
  1456 | D:3      | HP: 1/33 [Ijyb/+0 dagger (3)]
  1457 | D:3      | Slain by Ijyb

Illustrated notes

Levels and vault maps discovered:
D:1:      minmay_arrival_pointy, layout_loops_ring,
          ebering_ecumenical_altar_rust, serial_shops, shop,
          minmay_misc_feat_square, st_stairs_7
D:2:      layout_basic, serial_shops, nicolae_shop_window_shopping, uniq_robin,
          uniq_crazy_yiuf_cottage, uniq_sigmund, uniq_jessica
D:3:      cheibrodos_old_hovel, layout_loops_ring, minmay_misc_feat_hallway,
          grunt_ministairs_6, uniq_ijyb

Skill      XL: |  1  2 |
---------------+-------+-----
Shields        | 4 |  4.2
Armour         | 4 |  4.6
Fighting       | 4 |  4.0
Long Blades    | 3 |  3.4
Dodging        | |  0.1

Action                   || total
-------------------------++-------
Melee: Long sword        ||    70
       Headbutt          ||    12
Armor: Scale mail        ||    32
Dodge: Dodged            ||    43
Block: Buckler           ||    23
